 Dungeon Crawl Stone Soup version 0.25.0-11-g1f837a76a1 (webtiles) character file.

Game seed: 8706103620725592300

26 DocSulfur the Vexing (level 2, -3/19 HPs)
             Began as a Vampire Enchanter on June 27, 2020.
             Slain by a hound (5 damage)
             ... on level 2 of the Dungeon.
             The game lasted 00:08:45 (1093 turns).

DocSulfur the Vexing (Vampire Enchanter)            Turns: 1093, Time: 00:08:46

Health: -3/19      AC:  4    Str:  7    XL:     2   Next: 89%
Magic:  4/5        EV: 12    Int: 17    God:
Gold:   97         SH:  0    Dex: 14    Spells: 4/5 levels left

rFire    . . .     SeeInvis +   a - +1 dagger
rCold    . . .     Gourm    .   (no shield)
rNeg     . . .     Faith    .   b - +0 robe
rPois    .         Spirit   .   c - +0 helmet
rElec    .         Reflect  .   (no cloak)
rCorr    .         Harm     .   (no gloves)
MR       .....                  j - +0 pair of boots
Stlth    +++.......             (no amulet)
HPRegen  0.26/turn              (no ring)
MPRegen  0.09/turn              (no ring)

@: regenerating quickly
A: no food, fangs 3, see invisible, unbreathing
a: Exsanguinate


You were on level 2 of the Dungeon.
You were alive.

You visited 1 branch of the dungeon, and saw 2 of its levels.

You collected 97 gold pieces.

Inventory:

Hand Weapons
 a - a +1 dagger (weapon)
 k - a cursed +0 hand axe
Armour
 b - a +0 robe (worn)
 c - a +0 helmet (worn)
 j - a +0 pair of boots (worn)
Scrolls
 d - 3 scrolls of amnesia {unknown}
 e - a scroll of magic mapping {unknown}
 f - a scroll of remove curse {unknown}
 i - a scroll of identify {unknown}
Potions
 g - a potion of stabbing {unknown}
 h - a potion of heal wounds {unknown}


   Skills:
 - Level 1.1 Short Blades
 - Level 2.2 Dodging
 + Level 4.9 Stealth
 + Level 2.3 Spellcasting
 * Level 5.3 Hexes


You had 4 spell levels left.
You knew the following spells:

 Your Spells              Type           Power        Failure   Level  Hunger
a - Corona                Hex            ###....      2%          1    N/A

Your spell library contained the following spells:

 Spells                   Type           Power        Failure   Level  Hunger
 Confusing Touch          Hex            ###.....     6%          3    N/A
 Tukima's Dance           Hex            ###.....     6%          3    N/A
 Ensorcelled Hibernation  Hex/Ice        ##....       10%         2    N/A
 Dazzling Flash           Conj/Hex       ##....       19%         3    N/A

Dungeon Overview and Level Annotations

Branches:
Dungeon (2/15)

Altars:


Innate Abilities, Weirdness & Mutations

You do not eat.
Your natural rate of healing is unusually fast.
You have razor-sharp teeth.
You have supernaturally acute eyesight. (SInv)
You can survive without breathing.


Message History

You completely miss the hound. The hound bites you. x2
* * * LOW HITPOINT WARNING * * *
You hit the hound but do no damage. Your bite misses the hound.
The hound closely misses you.
You hit the hound. Your bite misses the hound.
The hound is lightly wounded.
The hound bites you.
* * * LOW HITPOINT WARNING * * *
You hit the hound but do no damage.
The hound is lightly wounded.
The hound bites you.
* * * LOW HITPOINT WARNING * * *
The hound barely misses you.
You hit the hound.
The hound is moderately wounded.
The hound bites you but does no damage.
You barely miss the hound.
The hound is moderately wounded.
The hound bites you.
You die...

....## .... ...
#.# ##$## #####
##...##
K.....#####...h.##
#...<......@..#
##.#####.....## #
##....# ##.#.#
#.#.# #.#.# #.#.#
#.#.#


You could see a hound (corona).

Vanquished Creatures
  2 leopard geckos
  2 giant cockroaches
  3 hobgoblins (D:1)
  4 jackals (D:1)
  4 frilled lizards (D:1)
  5 goblins (D:1)
  A rat (D:1)
21 creatures vanquished.

Notes
Turn   | Place    | Note
-------+----------+-------------------------------------------
     0 | D:1      | DocSulfur the Vampire Enchanter began the quest for the
                  | Orb.
     0 | D:1      | Reached XP level 1. HP: 13/13 MP: 3/3
   235 | D:1      | Reached XP level 2. HP: 4/19 MP: 0/5
   662 | D:1      | Reached skill level 5 in Hexes
  1093 | D:2      | Slain by a hound

Illustrated notes

Levels and vault maps discovered:
D:1:      dpeg_arrival_boxorama, layout_loops_ring, minivault_27,
          minmay_misc_feat_room, hangedman_decor_points
D:2:      layout_loops_ring, grunt_temple_overflow_gold_and_silver,
          lightli_temple_of_fire

Skill      XL: |  1  2 |
---------------+-------+-----
Hexes          | 5 |  5.3
Short Blades   | |  1.1
Dodging        | |  2.2
Stealth        | |  4.9
Spellcasting   | |  2.3

Action                   || total
-------------------------++-------
Melee: Dagger            ||    78
       Bite              ||     4
 Cast: Corona            ||    16
 Stab: Sleeping          ||     5
Armor: Robe              ||    21
Dodge: Dodged            ||    39
